 Dungeon Crawl Stone Soup version 0.31-a0-210-gccc998df9b (webtiles) character file.

Game seed: 6067403926360799073

49 123456 the Trooper (level 3, -3/34 HPs)
             Began as a Minotaur Fighter on June 30, 2023.
             Killed from afar by Terence (8 damage)
             ... with a puff of flame
             ... on level 2 of the Dungeon.
             The game lasted 00:01:10 (774 turns).

123456 the Trooper (Minotaur Fighter)                Turns: 774, Time: 00:01:11

Health: -3/34      AC:  7    Str: 22    XL:     3   Next: 53%
Magic:  2/2        EV:  9    Int:  5    God:
Gold:   98         SH:  4    Dex:  9    Spells: 2/2 levels left

rFire   . . .        a - +0 flail
rCold   . . .        c - +0 buckler
rNeg    . . .        b - +0 scale mail
rPois   .            (helmet restricted)
rElec   .            (no cloak)
rCorr   .            (no gloves)
SInv    .            (no boots)
Will    .....        (no amulet) Stlth
                     (no ring)
HPRegen 0.25/turn    (no ring)
MPRegen 0.08/turn

%: no passive effects
@: no status effects
A: horns 2, retaliatory headbutt
a: no special abilities


You were on level 2 of the Dungeon.
You visited 1 branch of the dungeon, and saw 2 of its levels.

You collected 98 gold pieces.

Inventory:

Hand Weapons
 a - a +0 flail (weapon)
Armour
 b - a +0 scale mail (worn)
 c - a +0 buckler (worn)
Scrolls
 e - a scroll of poison {unknown}
 j - a scroll of amnesia {unknown}
 k - a scroll of teleportation {unknown}
 l - a scroll of brand weapon {unknown}
 m - a scroll of vulnerability {unknown}
Potions
 d - a potion of might
 f - a potion of ambrosia {unknown}
 g - 2 potions of curing {unknown}
 h - 2 potions of haste {unknown}
 i - 2 potions of invisibility {unknown}


   Skills:
 * Level 4.4 Fighting
 * Level 3.4 Maces & Flails
 + Level 4.0 Armour
 + Level 1.0 Dodging
 - Level 3.6 Shields


You had 2 spell levels left.
You didn't know any spells.
Your spell library contained the following spells:

 Spells                   Type           Power      Damage    Failure   Level
 Sandblast                Erth           0%         2d4       86%         1
 Passwall                 Tmut/Erth      0%         N/A       94%         2
 Stone Arrow              Conj/Erth      0%         3d7       99%         3


Dungeon Overview and Level Annotations

Branches:
Dungeon (2/15)

Altars:

Annotations:
D:2 Terence


Innate Abilities, Weirdness & Mutations

You have a pair of horns on your head.
You reflexively headbutt those who attack you in melee.


Message History

You hit the hobgoblin.
You kill the hobgoblin!
You block the endoplasm's attack.
You barely miss the quokka. The quokka bites you. The endoplasm freezes you.
You are frozen.
The quokka bites you.
You closely miss the quokka. The quokka closely misses you.
You furiously retaliate!
You headbutt the quokka. The endoplasm freezes you.
You are frozen.
The quokka misses you. You furiously retaliate!
You headbutt the quokka. You closely miss the quokka.
The quokka is almost dead.
The endoplasm freezes you.
You are frozen.
The quokka closely misses you. You furiously retaliate!
You headbutt the quokka!
You kill the quokka!
The endoplasm freezes you.
You are frozen.
Things that are here:
a +0 dagger; 5 stones; a goblin corpse You hit the endoplasm.
You headbutt the endoplasm, but do no damage.
The endoplasm is moderately wounded.
The endoplasm freezes you.
You are frozen.
You sock the endoplasm!
You kill the endoplasm!
You barely miss Terence. Terence hits you but does no damage.
You block Terence's attack.
You completely miss Terence. Terence barely misses you.
You hit Terence. Your headbutt misses Terence.
Terence is lightly wounded.
Terence zaps a wand.
The puff of flame hits you!
* * * LOW HITPOINT WARNING * * *
You hit Terence but do no damage.
Terence is lightly wounded.
Terence shouts, "Now you die!"
Terence zaps a wand.
The puff of flame hits you!
You die...

######## #......#
#......# #......##
#.......#############
####@##).............
#@################
#.†.# #.... #......
## #.#..... #.
#.#...... #. #
#....... ####.
......... .....


You could see Terence.

Vanquished Creatures
  A worm (D:2)
  2 bats
  6 endoplasms
  6 goblins
  4 hobgoblins
  4 jackals (D:1)
  3 quokkas
  2 ball pythons (D:1)
  6 frilled lizards
  3 kobolds
  4 rats (D:1)
41 creatures vanquished.

Notes
Turn   | Place    | Note
-------+----------+-------------------------------------------
     0 | D:1      | 123456 the Minotaur Fighter began the quest for the Orb.
     0 | D:1      | Reached XP level 1. HP: 19/19 MP: 0/0
    71 | D:1      | Reached XP level 2. HP: 27/27 MP: 1/1
   368 | D:1      | Reached XP level 3. HP: 31/33 MP: 2/2
   651 | D:2      | Reached skill level 1 in Dodging
   761 | D:2      | Noticed Terence
   774 | D:2      | Killed from afar by Terence

Illustrated notes

Levels and vault maps discovered:
D:1:      mushboom_english_gardens, layout_rooms, minmay_crystal_water
D:2:      layout_rooms, kennysheep_generic_room_6, uniq_terence

Skill      XL: |  1  2  3 |
---------------+----------+-----
Fighting       | 4 |  4.4
Maces & Flails | 3 |  3.4
Dodging        | 1 |  1.0
Armour         | 4 |  4.0
Shields        | |  3.6

Action                     || total
---------------------------++-------
  Melee: Flail             ||    99
         Headbutt          ||    13
 Armour: Scale mail        ||    42
  Dodge: Dodged            ||    53
  Block: Buckler           ||    21

Table legend: (Time is in decaauts)
 A = Elapsed time spent in this place.
 B = Non-inter-level travel time spent in this place.
 C = Inter-level travel time spent in this place.
 D = Time resting spent in this place.
 E = Time spent auto-exploring this place.
 F = Levels seen in this place.
 G = Mean time per level.
                   A        B        C        D        E       F      G
               +--------+--------+--------+--------+--------+-----+--------+
         Total |    803 |    778 |     25 |      0 |    556 |   2 |  401.5 |
       Dungeon |    803 |    778 |     25 |      0 |    556 |   2 |  401.5 |
               +--------+--------+--------+--------+--------+-----+--------+

Top non-repeatable levels by time:
     D:1: 599 daAuts
     D:2: 203 daAuts
